 Dungeon Crawl Stone Soup version 0.30-a0-782-ge64f9170bb (webtiles) character file.

Game seed: 9532867832833929050

1218 Anon1729 the Cleaver (level 8, -1/71 HPs)
             Began as a Minotaur Monk on Feb 19, 2023.
             Killed by divine providence
             ... invoked by an orc priest
              (12 damage)
             ... on level 5 of the Dungeon.
             The game lasted 00:04:35 (4883 turns).

Anon1729 the Cleaver (Minotaur Monk)                Turns: 4883, Time: 00:04:36

Health: -1/71      AC: 12    Str: 18    XL:     8   Next: 22%
Magic:  7/7        EV:  6    Int:  7    God:
Gold:   193        SH:  0    Dex: 13    Spells: 7/7 levels left

rFire   . . .      SeeInvis .    r - +0 war axe (heavy)
rCold   . . .      Faith    .    (no shield)
rNeg    + + .      Spirit   .    m - +0 plate armour
rPois   .          Reflect  .    (helmet restricted)
rElec   .          Harm     .    (no cloak)
rCorr   .          Rampage  .    (no gloves)
Will    .....                    (no boots) Stlth
                                 (no amulet)
HPRegen 0.31/turn                D - ring of positive energy
MPRegen 0.10/turn                q - ring of positive energy

@: studying Shields
A: horns 2, retaliatory headbutt
a: no special abilities


You were on level 5 of the Dungeon.
You visited 1 branch of the dungeon, and saw 5 of its levels.

You collected 193 gold pieces.

Inventory:

Hand Weapons
 a - a +0 hand axe
 r - a +0 heavy war axe (weapon)
 u - a +1 antimagic mace
 C - the +5 hammer "Waleyl" {heavy, rC- rN+ Dex+4}
   (You found it on level 3 of the Dungeon)

   Dex:       It affects your dexterity (+4).
   rC:        It makes you vulnerable to cold.
   rN:        It protects you from negative energy.
Missiles
 p - 2 boomerangs (quivered)
Armour
 b - a +0 robe
 e - a +0 scale mail
 m - a +0 plate armour (worn)
Jewellery
 f - an amulet of faith
 q - a ring of positive energy (right hand)
 D - a ring of positive energy (left hand)
Wands
 n - a wand of charming (11)
 y - a wand of roots (2)
 B - a wand of polymorph (7)
 E - a wand of flame (17)
Scrolls
 d - a scroll of torment
 g - 2 scrolls of vulnerability
 j - a scroll of blinking
 l - 4 scrolls of teleportation
 o - a scroll of amnesia
 s - a scroll of immolation
 t - 2 scrolls of fear
 v - a scroll of magic mapping
 z - a scroll of enchant weapon
 A - a scroll of brand weapon
Potions
 c - a potion of ambrosia
 h - a potion of brilliance {unknown}
 i - a potion of flight {unknown}
 k - a potion of curing
 w - a potion of heal wounds
 x - a potion of might {unknown}
 F - a potion of attraction {unknown}


   Skills:
 + Level 6.8 Fighting
 * Level 9.0 Axes
 + Level 5.4 Armour
 - Level 3.3 Dodging
 - Level 1.6 Stealth
 * Level 3.2 Shields


You had 7 spell levels left.
You didn't know any spells.
Your spell library contained the following spells:

 Spells                   Type           Power      Damage    Failure   Level
 Magic Dart               Conj           0%         1d3       100%        1
 Summon Small Mammal      Summ           0%         N/A       100%        1
 Call Imp                 Summ           0%         N/A       100%        2
 Call Canine Familiar     Summ           0%         N/A       100%        3
 Dazzling Flash           Conj/Hex       0%         N/A       100%        3
 Mephitic Cloud           Conj/Pois/Air  0%         N/A       100%        3
 Summon Guardian Golem    Hex/Summ       0%         N/A       100%        3
 Iskenderun's Mystic Bla  Conj/Tloc      0%         2d3       100%        4
 Summon Forest            Summ/Tloc      0%         N/A       100%        5
 Starburst                Conj/Fire      0%         6d3       100%        6
 Summon Hydra             Summ           0%         N/A       100%        7


Dungeon Overview and Level Annotations

Branches:
Dungeon (5/15)
 Temple: D:4-7

Altars:
Hepliaklqana
Xom

Annotations:
D:3 1 runed translucent door, Crazy Yiuf


Innate Abilities, Weirdness & Mutations

You have a pair of horns on your head.
You reflexively headbutt those who attack you in melee.


Message History

A gnoll comes into view. It is wielding a +0 flail.
The orc priest closely misses you.
The orc wizard gestures at you while chanting.
The magic dart hits you. The scorpion barely misses you.
You furiously retaliate!
You headbutt the scorpion.
Your Axes skill increases to level 9!
You closely miss the orc wizard.
The orc wizard is severely wounded.
The gnoll shouts!
You hit the orc priest but do no damage.
You hit the scorpion.
The gnoll sergeant hits you but does no damage.
The gnoll hits you but does no damage.
The orc wizard hits you but does no damage.
The orc priest hits you but does no damage.
The scorpion stings you.
You closely miss the orc wizard.
The orc wizard is severely wounded.
You closely miss the orc priest. You barely miss the scorpion.
The scorpion closely misses you. The gnoll hits you but does no damage.
The gnoll sergeant hits you from afar with a +0 trident.
The orc priest hits you with a +0 dagger.
The orc wizard hits you but does no damage.
The scorpion stings you.
The gnoll hits you from afar with a +0 spear.
The gnoll sergeant hits you from afar with a +0 trident!
The orc priest hits you with a +0 dagger.
* * * LOW HITPOINT WARNING * * *
A gnoll comes into view. It is wielding a +0 flail.
The orc wizard hits you but does no damage.
The orc priest calls down the wrath of Beogh upon you.
Beogh smites you!
* * * LOW HITPOINT WARNING * * *
The orc wizard casts a spell at you. You resist with some effort.
There is a stone staircase leading up here.
The scorpion stings you but does no damage.
The orc priest calls down the wrath of Beogh upon you.
Beogh smites you!
You die...

#. #g. #. #g#
#. #.# #. #g#
#. #.###
###.##gg.#
#..>.gog.###
#....os....#
#....)@....#
#............#
#........##..#
######....# ?#
#...... .
........
........#
.......##


You could see a gnoll sergeant, a scorpion, an orc priest, an orc wizard and 5
gnolls.

Vanquished Creatures
  Grinder (D:3)
  Sigmund (D:2)
  Menkaure (D:4)
  A sky beast (D:4)
  2 scorpions (D:4)
  2 hounds (D:4)
  A gnoll bouda (D:5)
  3 orc priests
  2 iguanas
  Jessica (D:3)
  2 orc wizards
  Robin (D:3)
  6 adders
  An ufetubus (D:3)
  2 worms
  5 dart slugs
  20 orcs
  12 ball pythons
  8 endoplasms
  4 giant cockroaches
  11 hobgoblins
  3 jackals (D:3)
  11 kobolds
  6 quokkas
  3 bats
  5 frilled lizards
  17 goblins
  3 rats
135 creatures vanquished.

Notes
Turn   | Place    | Note
-------+----------+-------------------------------------------
     0 | D:1      | Anon1729 the Minotaur Monk began the quest for the Orb.
     0 | D:1      | Reached XP level 1. HP: 19/19 MP: 0/0
   171 | D:1      | Reached XP level 2. HP: 27/27 MP: 1/1
   179 | D:1      | Reached skill level 4 in Axes
   407 | D:1      | Reached skill level 1 in Armour
   982 | D:2      | Reached XP level 3. HP: 33/33 MP: 2/2
  1510 | D:2      | Reached XP level 4. HP: 40/40 MP: 3/3
  1573 | D:2      | Noticed Sigmund
  1583 | D:2      | Killed Sigmund
  1584 | D:2      | Reached skill level 5 in Fighting
  1584 | D:2      | Reached skill level 6 in Axes
  1584 | D:2      | Reached XP level 5. HP: 28/48 MP: 4/4
  1670 | D:3      | Noticed Grinder
  1700 | D:3      | Paralysed by Grinder for 3 turns
  1704 | D:3      | Killed Grinder
  1705 | D:3      | Reached XP level 6. HP: 33/56 MP: 5/5
  1884 | D:3      | Reached skill level 7 in Axes
  1954 | D:3      | Reached XP level 7. HP: 33/62 MP: 6/6
  2470 | D:3      | Noticed Jessica
  2478 | D:3      | Killed Jessica
  2660 | D:3      | Noticed Robin
  2681 | D:3      | Killed Robin
  3002 | D:3      | Identified the +5 hammer "Waleyl" {heavy, rC- rN+ Dex+4}
  3008 | D:3      | Found a runed translucent door.
  3009 | D:3      | Noticed Crazy Yiuf
  3545 | D:4      | HP: 3/63 [iguana (11)]
  3552 | D:4      | Reached skill level 8 in Axes
  3873 | D:4      | Got Ibuirch's Elucidation of the Union
  3968 | D:4      | Reached skill level 5 in Armour
  4089 | D:4      | Noticed Menkaure
  4103 | D:4      | Killed Menkaure
  4104 | D:4      | Reached XP level 8. HP: 43/71 MP: 7/7
  4404 | D:4      | Found a hazy altar of Hepliaklqana.
  4405 | D:4      | Found a shimmering altar of Xom.
  4406 | D:4      | Noticed a spectral ugly thing
  4617 | D:5      | Entered Level 5 of the Dungeon
  4880 | D:5      | Reached skill level 9 in Axes
  4883 | D:5      | Killed from afar by an orc priest

Illustrated notes

Levels and vault maps discovered:
D:1:      kennysheep_arrival_forest, layout_basic
D:2:      layout_loops_ring, uniq_sigmund
D:3:      kennysheep_goblin_castle, layout_loops_ring, uniq_robin, uniq_jessica,
          uniq_crazy_yiuf_cottage, uniq_grinder
D:4:      layout_basic, regret_index_temple_of_mockery, minmay_manual_moon,
          uniq_menkaure
D:5:      layout_loops_ring, gup_ossuary_entry_pyramid

Skill      XL: |  1  2  3  4  5  6  7  8 |
---------------+-------------------------+-----
Axes           | 4 6 7 8 9 |  9.0
Armour         | 1 3 4 5 |  5.4
Fighting       | 4 5 6 |  6.8
Shields        | 2 3 |  3.2
Dodging        | |  3.3
Stealth        | |  1.6

Action                     |  1- 3 |  4- 6 |  7- 9 || total
---------------------------+-------+-------+-------++-------
  Melee: Hand axe          |    98 |    70 |   212 ||   380
         Headbutt          |    19 |    12 |    35 ||    66
         Punch             |     2 |     1 |     5 ||     8
         War axe           |       |       |     4 ||     4
    Use: Scroll            |       |     6 |     6 ||    12
         Potion            |       |     2 |     2 ||     4
 Armour: Robe              |     3 |       |       ||     3
         Plate armour      |    40 |    42 |   181 ||   263
         Scale mail        |    10 |       |       ||    10
  Dodge: Dodged            |    28 |    25 |    72 ||   125

Table legend: (Time is in decaauts)
 A = Elapsed time spent in this place.
 B = Non-inter-level travel time spent in this place.
 C = Inter-level travel time spent in this place.
 D = Time resting spent in this place.
 E = Time spent auto-exploring this place.
 F = Levels seen in this place.
 G = Mean time per level.
                   A        B        C        D        E       F      G
               +--------+--------+--------+--------+--------+-----+--------+
         Total |   4873 |   4686 |    187 |    133 |   3720 |   5 |  974.6 |
       Dungeon |   4873 |   4686 |    187 |    133 |   3720 |   5 |  974.6 |
               +--------+--------+--------+--------+--------+-----+--------+

Top non-repeatable levels by time:
     D:3: 1601 daAuts
     D:4: 1464 daAuts
     D:1: 923 daAuts
     D:2: 756 daAuts
     D:5: 128 daAuts
